[Event "*** Titled Tuesday Blitz"]
[Site "Chess.com"]
[Date "2018.06.05"]
[Round "10"]
[White "GameOverBro"]
[Black "orrbaverlekszarnyon"]
[Result "1-0"]
[WhiteElo "2377"]
[BlackElo "2273"]
[TimeControl "180+2"]
[EndTime "15:23:56 PDT"]
[Termination "GameOverBro won by checkmate"]

1. e4 c5 2. Ne2 d6 3. g3 Nf6 4. Bg2 g6 5. c3 Bg7 6. d4 O-O 7.
O-O Nc6 8. h3 cxd4 9. cxd4 e6 10.
Nbc3 Nd7 11. Be3 Nb6 12. b3 a5 13. a4 Nb4 14. Rc1 Nd7 15. Nb5 b6 16. Nxd6 Ba6 17. e5 Nd5 18. Qd2 f6 19. Bxd5 exd5 20.
f4 fxe5 21. dxe5 Nxe5 22. fxe5 Bxe2 23. Rxf8+ Qxf8 24. Qxd5+ Kh8 25. Nf7+ Kg8 26. Nd6+ Kh8 27. Rc7 Bf3 28. Qe6 h6 29. Nf7+ Kh7 30. Bxh6 Re8 31. Bxg7 Kxg7 32. Ng5+ Kh6 33. Rh7+ Kxg5 34. h4# 1-0

[Event "*** Titled Tuesday Blitz"]
[Site "Chess.com"]
[Date "2018.06.05"]
[Round "10"]
[White "ChrisTool2"]
[Black "LornerAcosta"]
[Result "0-1"]
[WhiteElo "2254"]
[BlackElo "2338"]
[TimeControl "180+2"]
[EndTime "15:24:03 PDT"]
[Termination "LornerAcosta won by resignation"]

1. d4 e6 2. c4 d5 3. Nf3 Nf6 4. Nc3 Be7 5. Bf4 O-O 6. e3 c5 7. dxc5 Bxc5 8. Qc2 Nc6 9. O-O-O Qa5 10. g4 Nb4 11.
Qb3 dxc4 12. Bxc4 Nxg4 13. a3 Nxf2 14. axb4 Bxb4 15. Rhg1 Nxd1 16. Be5 f6 17. Bxe6+ Bxe6 18. Qxe6+ Kh8 19. Qd7 Qa1+ 20. Nb1 Rac8+ 21. Bc3 Qxb2+ 22. Kxd1 Qxb1+ 23. Ke2 Qa2+ 24. Nd2 Qf7 25. Qxf7 Rxf7 26. Bxb4 b6 27. Nf3 Rd7 28. Nd4 a5 29. Bd2 h6 30.
h4 Rc5 31. Kf3 Re5 32. Bc3 Kh7 33. Ba1 Rh5 34. Rg4 b5 35. e4 Rc5 36. Ne6 Rc8 37. h5 b4 38. e5 f5 39. Rg1 a4 40.
Kf4 b3 41. Kxf5 a3 42. Bd4 b2 43. Bxb2 axb2 44. Rb1 Rb7 45. Nf4 Rc1 46. Rxb2 Rxb2 47.
e6 Rf1 48. e7 Re2 49. Kg4 Rxf4+ 50. Kxf4 Rxe7 51. Kf5 Rf7+ 52. Kg4 Rf6 53. Kh4 Kg8 54. Kg4 Kf7 0-1

[Event "*** Titled Tuesday Blitz"]
[Site "Chess.com"]
[Date "2018.06.05"]
[Round "10"]
[White "dalmatinac101"]
[Black "maximlavrov"]
[Result "0-1"]
[WhiteElo "2713"]
[BlackElo "2500"]
[TimeControl "180+2"]
[EndTime "15:24:05 PDT"]
[Termination "maximlavrov won on time"]

1. e4 g6 2. d4 Bg7 3. Nc3 d6 4. Be3 a6 5. Qd2 b5 6. h4 Bb7 7. f3 Nd7 8. h5 c5 9. h6 Bxd4 10. Bxd4 cxd4 11. Qxd4 Ngf6 12. O-O-O Qc7 13. g4 Qc5 14.
Nge2 Qxd4 15. Nxd4 Rc8 16. a3 Ne5 17. g5 Nfd7 18. Bh3 e6 19. f4 Nc4 20. Rhe1 Ke7 21. f5 Nf8 22. f6+ Kd8 23. b3 Ne5 24. Kb2 Nfd7 25.
Bxe6 fxe6 26. Nxe6+ Ke8 27. Rxd6 Rc6 28. Red1 Rxd6 29.
Rxd6 Kf7 30. Nd5 Rc8 31. Nec7 Nc5 32. Kc1 Bxd5 33. Nxd5 Nxb3+ 34. Kd1 Nc5 35. Ne7 Rc7 36. Rd5 Nc4 37. Nf5 gxf5 38. exf5 Ne3+ 0-1

[Event "*** Titled Tuesday Blitz"]
[Site "Chess.com"]
[Date "2018.06.05"]
[Round "10"]
[White "tan275"]
[Black "Vusatiuk_Vladimir"]
[Result "1-0"]
[WhiteElo "2010"]
[BlackElo "2136"]
[TimeControl "180+2"]
[EndTime "15:24:12 PDT"]
[Termination "tan275 won on time"]

1. d4 d5 2. c4 dxc4 3. e3 Nf6 4.
Nf3 e6 5. Bxc4 c5 6. O-O a6 7.
Bb3 b5 8. a4 b4 9. e4 Nxe4 10.
d5 Nd6 11. dxe6 fxe6 12. Ne5 Qf6 13. Ng4 Qd4 14. Qf3 Bb7 15. Qe2 Qe4 16. Qxe4 Bxe4 17.
Bxe6 Nc6 18. Nd2 Bg6 19. Re1 Be7 20. Bd5 Rc8 21. Nf3 Bf5 22. Ne3 Nd4 23. Nxf5 N4xf5 24. Bg5 Rc7 25. g4 1-0

[Event "*** Titled Tuesday Blitz"]
[Site "Chess.com"]
[Date "2018.06.05"]
[Round "10"]
[White "DSCC1"]
[Black "EndgameGrinder"]
[Result "0-1"]
[WhiteElo "2131"]
[BlackElo "2489"]
[TimeControl "180+2"]
[EndTime "15:24:24 PDT"]
[Termination "EndgameGrinder won by resignation"]

1. d4 Nf6 2. Nf3 e6 3. Bf4 d5 4.
e3 Bd6 5. Bg3 O-O 6. Nbd2 c5 7.
c3 Nc6 8. Bd3 b6 9. Ne5 Bb7 10.
f4 Ne7 11. Bh4 Nf5 12. Bf2 Ne4 13. Nxe4 dxe4 14. Be2 cxd4 15. cxd4 Rc8 16. a3 Bd5 17. Rc1 Qe7 18. O-O Qb7 19. Qa4 a5 20. Bb5 f6 21.
Nc6 Rc7 22. Rc2 Rfc8 23. Rfc1 Kf8 24. g4 Ne7 25. Nxe7 Kxe7 26. Rxc7+ Rxc7 27. Rc2 Qc8 28. Rxc7+ Qxc7 29. Qd1 Bc4 30. Bxc4 Qxc4 31. Be1 Kd7 32.
a4 Kc6 33. b3 Qd3 34. Qxd3 exd3 35. e4 Bxf4 36. Kf1 d2 0-1

[Event "*** Titled Tuesday Blitz"]
[Site "Chess.com"]
[Date "2018.06.05"]
[Round "10"]
[White "Next_Touch"]
[Black "Tash_Boy"]
[Result "1-0"]
[WhiteElo "2704"]
[BlackElo "2684"]
[TimeControl "180+2"]
[EndTime "15:24:25 PDT"]
[Termination "Next_Touch won by resignation"]

1. d4 Nf6 2. c4 g6 3. Nc3 Bg7 4. e4 d6 5. f3 O-O 6. Be3 c5 7. Nge2 cxd4 8. Nxd4 Nc6 9. Qd2 Bd7 10. Be2 a5 11.
O-O Nxd4 12. Bxd4 Bc6 13. Rfd1 Nd7 14. Be3 Nc5 15. b3 e6 16. Rac1 Be5 17. Bf1 Qh4 18. g3 Qf6 19. Bg2 Qg7 20. Ne2 f5 21. f4 Bb2 22. Rb1 Ba3 23. exf5 Bxg2 24. Kxg2 gxf5 25. Qxd6 Rfd8 26. Qxd8+ Rxd8 27. Rxd8+ Kf7 28. Bxc5 Bxc5 29. Rd7+ Be7 30. Rbd1 Qg4 31. Ng1 Kf6 32. Nf3 b6 33. Rb7 Bc5 34. Rdd7 e5 35. Rg7 Qh5 36. Rxh7 Qg6 37. Rbg7 Qxg7 38. fxe5+ Kg6 39. Rxg7+ Kxg7 40. Nh4 Kf7 41. Nxf5 Ke6 42. g4 Kxe5 43. Kf3 Bg1 44. h4 Bc5 45. h5 Kf6 46. Kf4 Ba3 47. g5+ Kf7 48. Ke5 Bc1 49. g6+ Kg8 50. Kd5 Bd2 51.
h6 1-0

[Event "*** Titled Tuesday Blitz"]
[Site "Chess.com"]
[Date "2018.06.05"]
[Round "10"]
[White "aa175"]
[Black "ChessicallyInclined"]
[Result "0-1"]
[WhiteElo "1912"]
[BlackElo "2255"]
[TimeControl "180+2"]
[EndTime "15:24:25 PDT"]
[Termination "ChessicallyInclined won by checkmate"]

1. e4 e5 2. Nf3 Nc6 3. Bc4 Nf6 4. d3 Be7 5. Nc3 O-O 6. h3 d6 7. a3 h6 8. O-O Be6 9. Nd5 Re8 10. Nxf6+ Bxf6 11. Bxe6 Rxe6 12. Be3 d5 13. Qe2 d4 14. Bd2 Qd7 15.
b4 Ne7 16. Nh2 Ng6 17. Ng4 Be7 18. a4 Bf8 19. Qf3 c5 20. bxc5 Bxc5 21. Rab1 Bf8 22. Qg3 Qxa4 23. Rxb7 Qxc2 24. Qf3 Re7 25. Rxe7 Bxe7 26.
Ba5 Qa2 27. Bc7 Qe6 28. Qf5 Bf6 29. Qxe6 fxe6 30. Ra1 a6 31. Ra5 Nf4 32. Bxe5 Nxd3 33.
Bxf6 gxf6 34. Nxf6+ Kf7 35. Ng4 h5 36. Rxh5 a5 37. Rh7+ Kg6 38. Re7 a4 39. Rxe6+ Kf7 40. Rb6 a3 41. Rb1 a2 42. Ra1 Nb4 43. Ne5+ Ke6 44. Nf3 Nc2 45. Rc1 a1=Q 46. Rxa1 Rxa1+ 47. Kh2 d3 48. Kg3 Ne1 49. Nd2 Ra2 50. Nb3 d2 51. Nxd2 Rxd2 52. h4 Ke5 53. f3 Rxg2+ 54. Kh3 Kf4 55. e5 Rg3+ 56. Kh2 Nxf3+ 57. Kh1 Rg1# 0-1

[Event "*** Titled Tuesday Blitz"]
[Site "Chess.com"]
[Date "2018.06.05"]
[Round "10"]
[White "vugarrasulov"]
[Black "OparinGrigoriy"]
[Result "0-1"]
[WhiteElo "2752"]
[BlackElo "2899"]
[TimeControl "180+2"]
[EndTime "15:24:31 PDT"]
[Termination "OparinGrigoriy won by resignation"]

1. e4 e5 2. Nf3 Nc6 3. Bb5 a6 4. Ba4 Nf6 5. O-O Be7 6. Re1 b5 7. Bb3 d6 8. c3 O-O 9. h3 Nb8 10. d4 Nbd7 11. Nbd2 Bb7 12. Bc2 Re8 13. a4 Bf8 14. Bd3 c6 15. b3 g6 16. Bb2 Nh5 17.
Bf1 Qc7 18. c4 bxa4 19. Rxa4 Nf4 20. g3 Ne6 21. d5 Nec5 22. Ra1 a5 23. Qc2 Nf6 24.
Ra2 Ra6 25. Rea1 Rea8 26. Ne1 Bh6 27. f3 Nh5 28. Kg2 Qd8 29. Be2 Bf4 30. g4 Bxd2 31. Qxd2 Nf4+ 32. Kg3 Nxb3 33. Qe3 Nxa1 34. Bxa1 Qg5 35.
Nd3 Nxe2+ 36. Qxe2 cxd5 37. cxd5 Rb6 38. Bc3 Ba6 39.
h4 Qd8 40. Qe3 Bxd3 41. Qxd3 a4 42. f4 Rb3 43. fxe5 Rc8 44. Rc2 Qa5 45. Bxa5 Rxd3+ 46. Kf4 Rxc2 47. exd6 f6 48. Bb6 Rc8 49. d7 Ra8 50. g5 fxg5+ 51. hxg5 a3 52. d8=Q+ Rxd8 53. Bxd8 a2 54. Bf6 Rd1 0-1

[Event "*** Titled Tuesday Blitz"]
[Site "Chess.com"]
[Date "2018.06.05"]
[Round "10"]
[White "TheCount"]
[Black "Vamostodorecto"]
[Result "0-1"]
[WhiteElo "2507"]
[BlackElo "2366"]
[TimeControl "180+2"]
[EndTime "15:24:33 PDT"]
[Termination "Vamostodorecto won by resignation"]

1. b3 e5 2. Bb2 Nc6 3. Nf3 d6 4. d4 g6 5. dxe5 Bg7 6. Nc3 Nxe5 7. Nxe5 Bxe5 8. Qd2 Ne7 9. h4 h5 10. O-O-O Be6 11.
f4 Bg7 12. e4 Qd7 13. Bb5 c6 14. Be2 O-O-O 15. Kb1 d5 16. e5 Nf5 17. Bf3 Kb8 18. Qf2 Bf8 19. Ne4 Qc7 20. Ng5 Qa5 21. g4 Bc5 22. Qe1 Qxe1 23. Rdxe1 hxg4 24. Bxg4 Bf2 25.
Bxf5 gxf5 26. Ref1 Bxh4 27. Nf3 Be7 28. Nd4 Rdg8 29. a3 a6 30. b4 c5 31. bxc5 Bxc5 32. Rxh8 Rxh8 33. Rg1 Rh4 34. Nxe6 Bxg1 35. Ng5 Rxf4 36.
Nxf7 Bd4 37. Bxd4 Rxd4 38. Nd6 Rd1+ 39. Kb2 f4 40. e6 Re1 0-1

[Event "*** Titled Tuesday Blitz"]
[Site "Chess.com"]
[Date "2018.06.05"]
[Round "10"]
[White "Aleksandr_Kholin"]
[Black "francogreek"]
[Result "0-1"]
[WhiteElo "2416"]
[BlackElo "2285"]
[TimeControl "180+2"]
[EndTime "15:24:35 PDT"]
[Termination "francogreek won by resignation"]

1. d4 Nf6 2. c4 e6 3. Nc3 Bb4 4.
e3 O-O 5. Ne2 d5 6. a3 Be7 7. cxd5 exd5 8. Nf4 c6 9. Bd3 Na6 10. O-O Nc7 11. f3 c5 12. Bd2 cxd4 13. exd4 Ne6 14. Nxe6 Bxe6 15. Be3 Rc8 16. Qd2 Nd7 17. Ne2 Nb6 18. b3 f6 19. Rfe1 Bf7 20.
Bf2 Qd7 21. Qa5 Ra8 22. Rac1 Bd6 23. Ng3 g6 24. Bb5 Qd8 25. Re2 Kg7 26. Rec2 Be8 27.
Bd3 Bd7 28. a4 Re8 29. Qd2 Qe7 30. a5 Bb4 31. Qd1 Bxa5 32. Rc7 Rab8 33. Bf5 gxf5 34. Nxf5+ Bxf5 35. Rxe7+ Rxe7 36. g4 Bg6 37. h4 h5 38. Bg3 Rbe8 39. Kf1 Nd7 40. g5 fxg5 41. hxg5 Rf8 42. Kg2 Ref7 43. Be5+ Nxe5 44. dxe5 Rxf3 45. Qxf3 Be4 0-1

[Event "*** Titled Tuesday Blitz"]
[Site "Chess.com"]
[Date "2018.06.05"]
[Round "10"]
[White "Siemba"]
[Black "MateusViageiro"]
[Result "1/2-1/2"]
[WhiteElo "2058"]
[BlackElo "2173"]
[TimeControl "180+2"]
[EndTime "15:24:37 PDT"]
[Termination "Game drawn - insufficient material"]

1. e4 c5 2. Nf3 d6 3. d4 cxd4 4.
Nxd4 Nf6 5. Nc3 a6 6. Be3 e5 7.
Nb3 Be6 8. f3 Nbd7 9. Qd2 Rc8 10. g4 h6 11. O-O-O Qc7 12. Rg1 Nc5 13. Nxc5 d5 14. g5 d4 15. Nxe6 fxe6 16. gxf6 dxe3 17. f7+ Qxf7 18. Qxe3 Bc5 19. Bb5+ axb5 20. Qe2 O-O 21. Rg3 b4 22. Nb5 Kh7 23. Nd6 Qf4+ 24. Kb1 Bxd6 25.
Rxd6 Rfd8 26. Rd1 Qe3 27. Qxe3 Rxd1+ 28. Qc1 Rcd8 29. Rg1 Rxc1+ 30. Kxc1 g5 31. Rd1 Ra8 32. Rd7+ Kg6 33. Rxb7 Rf8 34. Rxb4 Rxf3 35. a4 g4 36. a5 Rf8 37. Rb3 h5 38. Ra3 Kg5 39. a6 Kf4 40. a7 Ra8 41. b4 h4 42. b5 g3 43. hxg3+ hxg3 44. Rxg3 Rxa7 45. Rb3 Kxe4 46. b6 Rb7 47. Kb2 Kd5 48. Rb5+ Kc6 49. Rxe5 Rxb6+ 50. Kc3 Kd6 51. Re4 Rc6+ 52. Kd3 e5 53. Re1 Kd5 54. Kd2 Kd4 55. Re2 e4 56. c3+ Rxc3 57. Rxe4+ Kxe4 58. Kxc3 1/2-1/2

[Event "*** Titled Tuesday Blitz"]
[Site "Chess.com"]
[Date "2018.06.05"]
[Round "10"]
[White "IMAghasiyevKamal"]
[Black "bugsbunny444"]
[Result "1-0"]
[WhiteElo "2490"]
[BlackElo "2362"]
[TimeControl "180+2"]
[EndTime "15:24:43 PDT"]
[Termination "IMAghasiyevKamal won on time"]

1. e4 c5 2. Nf3 e6 3. d4 cxd4 4.
Nxd4 a6 5. Bd3 Nf6 6. O-O Qc7 7. Qe2 d6 8. c4 Be7 9. b3 b6 10. Bb2 Bb7 11. Nd2 Nbd7 12. Rac1 O-O 13. f4 Rfe8 14. Bb1 e5 15. fxe5 Nxe5 16. Nf5 Bf8 17. Nf3 Nxf3+ 18. Qxf3 Bxe4 19. Nh6+ Kh8 20. Bxe4 Nxe4 21. Nxf7+ Kg8 22. Qd3 Qc5+ 23. Bd4 Qh5 24. Bxb6 Re6 25. Rf3 Rae8 26. Bd4 R6e7 27. Rcf1 Nf6 28. Nxd6 Rd8 29. Bxf6 gxf6 30. Rxf6 Red7 31. c5 Qxc5+ 32. Kh1 Bg7 33. Rf7 1-0

[Event "*** Titled Tuesday Blitz"]
[Site "Chess.com"]
[Date "2018.06.05"]
[Round "10"]
[White "FranklinAPalomo"]
[Black "twitchTriniCupid"]
[Result "0-1"]
[WhiteElo "2313"]
[BlackElo "2255"]
[TimeControl "180+2"]
[EndTime "15:24:54 PDT"]
[Termination "twitchTriniCupid won by resignation"]

1. Nf3 Nf6 2. c4 b6 3. Qc2 Bb7 4. e3 g6 5. Nc3 Bg7 6. b3 O-O 7. Bb2 Nc6 8. a3 e5 9. h4 d6 10. Be2 Ne7 11. d4 exd4 12. Nxd4 c5 13. Nf3 d5 14. O-O-O Qb8 15. h5 d4 16. exd4 Ng4 17. hxg6 hxg6 18. d5 Nxf2 19. d6 Nf5 20. Nd5 Bxd5 21.
Bxg7 Kxg7 22. Qc3+ f6 23. Ng5 Bg8 24. Bf3 Nxd1 25.
Rxd1 Qe8 26. Bxa8 Qxa8 27. d7 Nd4 28. Qe3 Qd8 29. Nf3 Qxd7 30. Nxd4 cxd4 31. Rxd4 Qe6 32.
Re4 Qd6 33. Kb2 Bf7 34. b4 Rc8 35. Kc3 b5 36. c5 Qd5 37. Qd4 Qb3+ 38. Kd2 Qa2+ 39.
Ke1 Rh8 40. Rh4 Rxh4 41. Qxh4 Qxa3 42. Qd4 Qc1+ 43. Kf2 Qc4 44. Ke3 Bd5 45. Qxc4 bxc4 46. g3 Kf7 47. Kd4 Ke6 48. b5 f5 49. c6 Bxc6 50.
bxc6 Kd6 51. Kxc4 Kxc6 0-1

[Event "*** Titled Tuesday Blitz"]
[Site "Chess.com"]
[Date "2018.06.05"]
[Round "10"]
[White "DiogenesSinopeus"]
[Black "Martins-BR"]
[Result "0-1"]
[WhiteElo "2427"]
[BlackElo "2320"]
[TimeControl "180+2"]
[EndTime "15:24:55 PDT"]
[Termination "Martins-BR won by resignation"]

1. d4 f5 2. Bg5 h6 3. Bh4 c5 4. e4 Qb6 5. Nd2 cxd4 6. exf5 Nf6 7. Be2 Nc6 8. Bxf6 gxf6 9. Bh5+ Kd8 10. Ngf3 Qxb2 11. O-O Qb5 12. Bg6 b6 13. Nb3 Qd5 14.
c4 Qxc4 15. Rc1 Qd5 16. Nbxd4 Nxd4 17. Nxd4 Bb7 18. f3 Rg8 19. Re1 e5 20. fxe6 Rxg6 21. exd7 Kxd7 22. Kh1 Bc5 23. Qc2 Rag8 24. Red1 Kc8 25.
Ne2 Qxf3 26. Ng3 Qc6 27. Qf5+ Kb8 28. Rc2 h5 29. Rcd2 a5 30. Rc1 h4 31. Qf4+ Ka7 32.
Qxh4 f5 33. Qf4 Rh6 34. Rdc2 Rg4 35. Qf3 Qxf3 36. gxf3 Bxf3+ 37. Rg2 Rxg3 38. Rc2 Rxg2 39. Rxg2 Bxg2+ 40. Kxg2 Rh4 0-1

[Event "*** Titled Tuesday Blitz"]
[Site "Chess.com"]
[Date "2018.06.05"]
[Round "10"]
[White "RiskyDecision"]
[Black "attack2mateU"]
[Result "0-1"]
[WhiteElo "2520"]
[BlackElo "2688"]
[TimeControl "180+2"]
[EndTime "15:24:57 PDT"]
[Termination "attack2mateU won on time"]

1. d4 Nf6 2. Bg5 d5 3. e3 Bf5 4.
Bxf6 gxf6 5. Nf3 e6 6. Bd3 Bg6 7. O-O Nd7 8. c4 c6 9. Nc3 Bb4 10. cxd5 cxd5 11. Rc1 O-O 12. Bxg6 hxg6 13. Qb3 Bxc3 14.
Rxc3 Nb6 15. Nd2 Qd7 16. Rfc1 Rfc8 17. Rc5 Rxc5 18. Rxc5 Rc8 19. Qc3 Rxc5 20. dxc5 Na4 21. Qxf6 Nxc5 22. h4 Qa4 23. Nf3 Ne4 24. Qd8+ Kg7 25.
h5 gxh5 26. Qh4 Qxa2 27. Qxh5 Qxb2 28. Qg4+ Kf8 29. Qh4 Ke8 30. Nd4 Kd7 31. f3 Qc1+ 32. Kh2 Qxe3 33. Nb5 Qg5 34. Qe1 Nd6 35. Nxa7 d4 36. Qb4 d3 0-1

[Event "*** Titled Tuesday Blitz"]
[Site "Chess.com"]
[Date "2018.06.05"]
[Round "10"]
[White "GMNeiksans"]
[Black "NDePinEsPeRG"]
[Result "0-1"]
[WhiteElo "2730"]
[BlackElo "2653"]
[TimeControl "180+2"]
[EndTime "15:25:02 PDT"]
[Termination "NDePinEsPeRG won by resignation"]

1. e4 c5 2. Nf3 d6 3. Bb5+ Nd7 4. O-O a6 5. Bd3 Ngf6 6. Re1 g6 7. c3 Bg7 8. Bc2 O-O 9. d4 cxd4 10. cxd4 e5 11.
Nc3 exd4 12. Nxd4 Ne5 13. Bb3 b5 14. Bg5 h6 15. Bh4 Bb7 16. Nd5 Bxd5 17. Bxd5 Rc8 18. Qd2 Kh7 19. b3 Qb6 20. Rad1 Nxd5 21. exd5 Rfe8 22.
Bg3 Nd7 23. Nc6 Nf6 24. Qd3 Rxe1+ 25. Rxe1 Qc5 26. h3 Nxd5 27. Rd1 Nc3 28. Ne7 Nxd1 29.
Nxc8 Nxf2 30. Bxf2 Qxc8 31. Qxd6 Qc1+ 32. Kh2 Qb2 33. Bg3 Qxa2 34. Qd5 Kg8 35. Qd8+ Kh7 36. Qd5 f5 37. Qf7 Qb2 38. Qe6 a5 39. h4 h5 40.
Bd6 a4 41. bxa4 bxa4 42. Qf7 Qf6 0-1

[Event "*** Titled Tuesday Blitz"]
[Site "Chess.com"]
[Date "2018.06.05"]
[Round "10"]
[White "Colombiano07"]
[Black "saraswathii"]
[Result "0-1"]
[WhiteElo "2235"]
[BlackElo "2303"]
[TimeControl "180+2"]
[EndTime "15:25:03 PDT"]
[Termination "saraswathii won by resignation"]

1. e4 c5 2. Nc3 e6 3. Nge2 Nc6 4. g3 Nf6 5. Bg2 d5 6. exd5 exd5 7. d4 c4 8. O-O Be6 9. b3 cxb3 10. axb3 Qd7 11. Nf4 Bb4 12. Bb2 O-O 13. Re1 Bg4 14. Bf3 Bxf3 15.
Qxf3 Nxd4 16. Qd3 Ne6 17. Ncxd5 Nxd5 18. Nxd5 Qd6 19. Nxb4 Qxb4 20. Re4 Qb6 21. Rg4 Rad8 22. Qc3 f6 23. Qc4 Rc8 24. Qd5 Rc5 25. Qe4 Ng5 26. Qe7 Rc7 27. Qe2 Rfc8 28. c4 Qxb3 29. Rxa7 Qb6 30.
Ra1 Qc6 31. Rxg5 fxg5 32. Rc1 Re8 33. Qg4 Qc5 34. Bd4 Qa5 35. h4 gxh4 36. Qxh4 Re1+ 37.
Rxe1 Qxe1+ 38. Kg2 Qe8 39. Qf4 Rxc4 40. Qe5 Qxe5 41.
Bxe5 b5 0-1

[Event "*** Titled Tuesday Blitz"]
[Site "Chess.com"]
[Date "2018.06.05"]
[Round "10"]
[White "AndreyOstrovskiy"]
[Black "SamCopeland"]
[Result "1/2-1/2"]
[WhiteElo "2648"]
[BlackElo "2055"]
[TimeControl "180+2"]
[EndTime "15:25:07 PDT"]
[Termination "Game drawn by repetition"]

1. e4 e6 2. d4 d5 3. Nc3 Nf6 4. e5 Nfd7 5. f4 c5 6. Nf3 Nc6 7. Be3 a6 8. Qd2 b5 9. dxc5 Bxc5 10. Ne2 Qb6 11. Ned4 Bb7 12. c3 O-O 13. Bd3 f6 14. b4 Nxd4 15. Nxd4 Bxd4 16. Bxd4 Qc7 17. Qe3 fxe5 18.
fxe5 Rf7 19. Qh3 Nf8 20. Kd2 Re8 21. Rhf1 Ree7 22. Rae1 Bc8 23. Bc5 Rxf1 24. Rxf1 Rf7 25. Bd6 Qa7 26. Bc5 Qc7 27. Rxf7 Qxf7 28. Ke2 Ng6 29. g3 d4 30. Bxd4 Bb7 31. Qf1 Qc7 32.
Qh3 Qf7 33. Qf1 Qc7 34. Kd2 Nxe5 35. Bxe5 Qxe5 36. Qh3 Bd5 37. Qxh7+ Kf7 38. Qg6+ Ke7 39. h4 Bxa2 40. h5 Kd6 41. h6 gxh6 42. Qxh6 Qxg3 43.
Qf8+ Kd7 44. Qf7+ Kd6 45. Qf8+ Kd7 46. Qf7+ Kd6 47. Qf8+ Kd7 1/2-1/2

[Event "*** Titled Tuesday Blitz"]
[Site "Chess.com"]
[Date "2018.06.05"]
[Round "10"]
[White "Matibar"]
[Black "SergeiAza"]
[Result "1-0"]
[WhiteElo "2770"]
[BlackElo "2643"]
[TimeControl "180+2"]
[EndTime "15:25:10 PDT"]
[Termination "Matibar won on time"]

1. f4 c5 2. Nf3 Nc6 3. g3 Nf6 4.
Bg2 g6 5. O-O Bg7 6. d3 O-O 7.
e4 d6 8. Nc3 Rb8 9. Ne2 b5 10.
h3 b4 11. Rb1 a5 12. Be3 a4 13.
g4 Ba6 14. b3 Nd7 15. g5 Qb6 16. h4 Nd4 17. Nexd4 cxd4 18. Bf2 Rbc8 19. Bh3 e6 20. bxa4 Rc3 21. Be1 Qc5 22. Bxc3 dxc3+ 23. Kg2 Nb8 24. h5 Nc6 25. hxg6 hxg6 26. Nh2 Nd4 27. Rf2 Bb7 28. Kg3 Bc6 29. Ng4 Ra8 30. Nf6+ Kf8 31. Qh1 Ke7 32. Bg2 Rh8 33. Qg1 Bxf6 34. gxf6+ Kxf6 35. Bf3 Kg7 36. Rh2 Rxh2 37. Qxh2 Nxf3 38. Kxf3 d5 39. Rh1 dxe4+ 40.
dxe4 Kf8 41. Qh8+ Ke7 42. Rd1 Qb6 43. Qh4+ 1-0

[Event "*** Titled Tuesday Blitz"]
[Site "Chess.com"]
[Date "2018.06.05"]
[Round "10"]
[White "fyall777"]
[Black "ehrenfeld"]
[Result "0-1"]
[WhiteElo "2323"]
[BlackElo "2468"]
[TimeControl "180+2"]
[EndTime "15:25:18 PDT"]
[Termination "ehrenfeld won on time"]

1. e4 e5 2. Nf3 Nc6 3. Bb5 a6 4.
Ba4 Nf6 5. O-O Be7 6. Bxc6 dxc6 7. Qe1 Nd7 8. b3 O-O 9. Bb2 f6 10. d4 Bd6 11. Nbd2 c5 12. dxe5 fxe5 13. Nc4 Qe7 14. Qc3 b5 15. Ncxe5 Nxe5 16. Nxe5 Bb7 17. f3 c4 18. Ng4 Rad8 19. bxc4 Bc5+ 20. Kh1 b4 21. Qe5 Rd2 22. Rad1 Qxe5 23. Bxe5 Rxc2 24. h4 h5 25. Nh2 Rxa2 26. Bxc7 b3 27. Be5 a5 28. Bd6 Bxd6 29. Rxd6 a4 30. Rb6 Rf7 31. Rb1 Rd7 32. Nf1 Rc7 33. Ne3 Bc8 34. e5 Be6 35. Rxe6 b2 36. Rb6 a3 37. Nc2 Rxc4 38. e6 Rxc2 39. Rb8+ Kh7 40. e7 Re2 41. e8=Q Rxe8 42. Rxe8 Ra1 43. Ree1 Rxb1 44. Rxb1 a2 0-1

[Event "*** Titled Tuesday Blitz"]
[Site "Chess.com"]
[Date "2018.06.05"]
[Round "10"]
[White "Karina_Oparina"]
[Black "SCIM"]
[Result "0-1"]
[WhiteElo "2184"]
[BlackElo "2411"]
[TimeControl "180+2"]
[EndTime "15:25:18 PDT"]
[Termination "SCIM won by resignation"]

1. Nf3 Nf6 2. g3 g6 3. Bg2 Bg7 4. O-O O-O 5. d4 d5 6. c4 dxc4 7.
Na3 c3 8. bxc3 c5 9. e3 Nc6 10. Qe2 Ne4 11. Bb2 Qa5 12. Rac1 b6 13. Ne5 Nxe5 14.
Bxe4 Ba6 15. c4 Nd7 16. Bxa8 Rxa8 17. d5 Bxb2 18. Qxb2 f6 19. f4 Qb4 20. Qxb4 cxb4 21. Nb5 Bxb5 22. cxb5 Nc5 23. Rc4 Rd8 24. Rd1 Na4 25.
Rxb4 Nc3 26. Rd2 Kf7 27. e4 Rc8 28. Kf2 Rc5 29. a4 f5 30. exf5 gxf5 31. Rd3 Nxd5 32. Rb2 Nf6 33. Ke3 Rc4 34. a5 bxa5 35. Ra3 a4 36.
Kd3 Re4 37. Rba2 Nd7 38. g4 Nc5+ 39. Kc3 fxg4 40. Rd2 Rxf4 41. Rd5 Ne4+ 42. Kb2 Rf2+ 43. Kc1 Rxh2 44. Rxa4 Nc3 45. Rf4+ Ke8 46. Rc5 Ne2+ 0-1

[Event "*** Titled Tuesday Blitz"]
[Site "Chess.com"]
[Date "2018.06.05"]
[Round "10"]
[White "Muguet7"]
[Black "talento10"]
[Result "1-0"]
[WhiteElo "2360"]
[BlackElo "2196"]
[TimeControl "180+2"]
[EndTime "15:25:20 PDT"]
[Termination "Muguet7 won by resignation"]

1. d4 Nf6 2. c4 g6 3. Nf3 Bg7 4. g3 d6 5. Bg2 O-O 6. O-O Nc6 7. Nc3 e5 8. dxe5 dxe5 9. Be3 Be6 10. Qa4 Ng4 11. Bc5 Re8 12. Rfd1 Qc8 13. Nd5 Bd7 14.
Qc2 b6 15. Ba3 e4 16. Ng5 f5 17. e3 a5 18. Rab1 h6 19. Nh3 g5 20. b3 Nge5 21. Bb2 Nb4 22. Nxb4 axb4 23. Ba1 Be6 24.
Kh1 c5 25. Ng1 Qa6 26. Rd2 Red8 27. Rbd1 Rxd2 28. Rxd2 Qa3 29. f4 Nd3 30. Bxg7 Kxg7 31. Ne2 Kf6 32. Kg1 g4 33. Bf1 h5 34. Kg2 h4 35.
gxh4 Rh8 36. Ng3 Rxh4 37. Bxd3 exd3 38. Qxd3 Qc1 39. e4 fxe4 40. Nxe4+ Kg7 41. Ng3 Qa1 42. f5 Bf7 43. f6+ Kxf6 44. Rf2+ Ke7 45. Nf5+ 1-0

[Event "*** Titled Tuesday Blitz"]
[Site "Chess.com"]
[Date "2018.06.05"]
[Round "10"]
[White "Arystanner23"]
[Black "chesstatour"]
[Result "1-0"]
[WhiteElo "2604"]
[BlackElo "2065"]
[TimeControl "180+2"]
[EndTime "15:25:23 PDT"]
[Termination "Arystanner23 won on time"]

1. e4 c6 2. d4 d5 3. Nd2 dxe4 4. Nxe4 Nf6 5. Nxf6+ gxf6 6. c3 h5 7. Nf3 Qd5 8. g3 Bg4 9. Bg2 Qc4 10. h3 Bxf3 11. Qxf3 Nd7 12. Qe2 Qxe2+ 13. Kxe2 f5 14. a4 h4 15. a5 a6 16. Ra4 e6 17. Bg5 hxg3 18. fxg3 Be7 19. Bxe7 Kxe7 20. Rb4 Rab8 21. h4 Nf6 22.
Bf3 Nd5 23. Rb3 Kd6 24. Kf2 f6 25. h5 Rh7 26. c4 Ne7 27. Re1 e5 28. Rbe3 e4 29.
Bd1 Rg8 30. Rb3 Nc8 31. Rh1 Kc7 32. Re3 Nd6 33. b3 Rhg7 34. Rh4 Nf7 35. Rf4 Rg5 36. b4 Nh6 37. Rb3 Kc8 38. b5 axb5 39. cxb5 cxb5 40.
Rc3+ Kb8 41. d5 Rc8 42. Rxc8+ Kxc8 43. Rh4 Kc7 44. Rh1 Kd6 45. Be2 Kxd5 46. Rb1 Kd4 47. Rb4+ Kc3 48. Rxb5 Ng4+ 49. Bxg4 Rxg4 50. Rxb7 Rg5 51.
h6 Rh5 52. h7 Kd3 53. Rd7+ 1-0

[Event "*** Titled Tuesday Blitz"]
[Site "Chess.com"]
[Date "2018.06.05"]
[Round "10"]
[White "AlexTruskavetsky"]
[Black "sergeikim"]
[Result "0-1"]
[WhiteElo "2282"]
[BlackElo "2372"]
[TimeControl "180+2"]
[EndTime "15:25:26 PDT"]
[Termination "sergeikim won on time"]

1. d4 Nf6 2. c4 g6 3. Nc3 Bg7 4. g3 O-O 5. Bg2 d6 6. Nf3 Nbd7 7. O-O e5 8. h3 exd4 9. Nxd4 Re8 10. b3 Nc5 11. Bb2 c6 12. Qc2 a5 13. Rad1 Qe7 14. Rfe1 Nfe4 15. Nxe4 Nxe4 16. e3 a4 17. b4 a3 18. Ba1 h5 19. Rd3 Ng5 20. h4 Ne4 21. Qe2 Ra4 22. Nc2 Bxa1 23. Rxa1 Bg4 24. f3 Nxg3 25.
Qf2 Bf5 26. e4 Qxh4 27. exf5 Re2 28. Qb6 Rxc2 29. fxg6 Ne2+ 30. Kf1 Ng3+ 31. Kg1 Ne2+ 32. Kf1 Nf4 33. gxf7+ Kxf7 34. Qc7+ Qe7 35. Qxe7+ Kxe7 36. Re3+ Kd7 37. Bh1 Rxb4 38. Rae1 Rbb2 39. Re7+ Kc8 0-1